 Dungeon Crawl Stone Soup version 0.29.0-13-gc9e81de378 (webtiles) character file.

Game seed: 11955033924739756647

490 ystael the Chopper (level 6, -9/56 HPs)
             Began as a Minotaur Fighter on Sept 7, 2022.
             Was an Initiate of the Shining One.
             Mangled by an ogre
             ... wielding a +0 giant club
              (22 damage)
             ... on level 5 of the Dungeon.
             The game lasted 00:07:34 (4184 turns).

ystael the Chopper (Minotaur Fighter)               Turns: 4184, Time: 00:07:34

Health: -9/56      AC:  8    Str: 23    XL:     6   Next: 90%
Magic:  5/5        EV:  9    Int:  5    God:    the Shining One [......]
Gold:   313        SH:  4    Dex:  9    Spells: 5/5 levels left

rFire   . . .      SeeInvis .   a - +0 war axe
rCold   + . .      Faith    .   h - +0 buckler
rNeg    . . .      Spirit   .   i - +0 scale mail
rPois   .          Reflect  .   (helmet restricted)
rElec   .          Harm     .   (no cloak)
rCorr   .          Rampage  .   t - +0 pair of gloves
Will    .....                   (no boots)
Stlth   ..........              v - amulet of the acrobat
HPRegen 0.18/turn               l - ring of protection from cold
MPRegen 0.09/turn               (no ring)

@: glowing
A: horns 2, retaliatory headbutt
a: Renounce Religion


You were on level 5 of the Dungeon.
You worshipped the Shining One.
The Shining One was noncommittal.
You visited 2 branches of the dungeon, and saw 6 of its levels.

You collected 313 gold pieces.

Inventory:

Hand Weapons
 a - a +0 war axe (weapon)
 b - a +0 sling
 c - a +1 flail of holy wrath
Missiles
 j - 35 stones (quivered)
 m - 9 poisoned darts
 p - 5 javelins
Armour
 h - a +0 buckler (worn)
 i - a +0 scale mail (worn)
 t - a +0 pair of gloves (worn)
Jewellery
 l - a ring of protection from cold (left hand)
 v - an amulet of the acrobat (around neck)
Scrolls
 g - 2 scrolls of fog
 n - a scroll of blinking
 r - 2 scrolls of teleportation
Potions
 d - 2 potions of might
 e - 2 potions of brilliance
 f - 5 potions of curing
 k - 2 potions of heal wounds
 o - a potion of degeneration {unknown}
 q - a potion of resistance {unknown}
 s - a potion of haste {unknown}
 u - a potion of magic {unknown}


   Skills:
 + Level 5.1 Fighting
 * Level 5.7 Axes
 + Level 2.5 Ranged Weapons
 + Level 5.1 Armour
 + Level 5.0 Shields


You had 5 spell levels left.
You didn't know any spells.
Your spell library contained the following spells:

 Spells                   Type           Power      Damage    Failure   Level
 Summon Small Mammal      Summ           0%         N/A       86%         1
 Call Canine Familiar     Summ           0%         N/A       99%         3
 Summon Guardian Golem    Hex/Summ       0%         N/A       99%         3


Dungeon Overview and Level Annotations

Branches:
Dungeon (5/15)             Temple (1/1) D:4

Altars:
Ashenzari
Cheibriados
Dithmenos
Elyvilon
Hepliaklqana
Kikubaaqudgha
Makhleb
Nemelex Xobeh
Okawaru
Qazlal
Ru
Sif Muna
Trog
Uskayaw
Vehumet
Xom
Yredelemnul
Zin
The Shining One

Annotations:
D:5 Blork the orc


Innate Abilities, Weirdness & Mutations

You have a pair of horns on your head.
You reflexively headbutt those who attack you in melee.


Message History

You hit Blork the orc.
Blork the orc is lightly wounded.
Blork the orc hits you with a +0 scimitar of protection.
You block Blork the orc's attack.
You hit Blork the orc.
Blork the orc is moderately wounded.
Blork the orc barely misses you.
You slash Blork the orc!
Blork the orc is severely wounded.
Blork the orc drinks a potion.
Blork the orc is healed!
Blork the orc hits you with a +0 scimitar of protection.
You hit Blork the orc.
You headbutt Blork the orc, but do no damage.
Blork the orc is severely wounded.
Blork the orc barely misses you.
Blork the orc gestures at you while chanting.
The puff of frost hits you. You resist.
You hit Blork the orc.
Blork the orc is severely wounded.
Blork the orc closely misses you.
An iguana comes into view.
Blork the orc closely misses you. The ogre attacks as you move away!
The ogre hits you with a +0 giant club!
You hear an angry hiss.
Blork the orc gestures at you while chanting.
The puff of flame misses you. The ogre attacks as you move away!
The ogre misses you. You furiously retaliate!
You headbutt the ogre!
Blork the orc points at you and mumbles some strange words.
The puff of frost misses you.
Blork the orc looks satisfied for a moment.
Blork the orc screams, "I'll break your arms!"
You block the iguana's attack. The ogre hits you with a +0 giant club!
* * * LOW HITPOINT WARNING * * *
You slash the ogre!
The ogre is almost dead.
You slash the iguana! The iguana closely misses you. You furiously retaliate!
You headbutt the iguana. You block Blork the orc's attack.
The ogre hits you with a +0 giant club!!
You die...

.. ##..............## ..
#...........#....> # ##.
............##....
..#... ............#....
...... ###........##.##
..!...####.......###....
..................##...#
... #............###..#
.....##@..........# ....
#....lOo...........
##......#....#....##
###....#...#######
............#
.....#.##...##
.....##.##.... .....
#...##..# ..... ..# .##


You could see Blork the orc (fast), an ogre and an iguana.

Vanquished Creatures
  Edmund (D:4)
  A jelly (D:4)
  3 orc priests (D:4)
  2 iguanas (D:4)
  An orc wizard (D:4)
  4 gnolls (D:3)
  5 adders
  2 worms (D:2)
  A dart slug (D:2)
  4 orcs
  4 endoplasms
  6 giant cockroaches
  7 hobgoblins
  6 jackals
  5 kobolds
  8 quokkas
  6 ball pythons
  4 bats
  3 frilled lizards
  8 goblins
  6 rats
87 creatures vanquished.

Notes
Turn   | Place    | Note
-------+----------+-------------------------------------------
     0 | D:1      | ystael the Minotaur Fighter began the quest for the Orb.
     0 | D:1      | Reached XP level 1. HP: 19/19 MP: 0/0
   397 | D:1      | Reached XP level 2. HP: 25/27 MP: 1/1
   650 | D:1      | Found a faded altar of an unknown god.
   975 | D:2      | Reached XP level 3. HP: 33/33 MP: 2/2
  2207 | D:3      | Reached XP level 4. HP: 40/40 MP: 3/3
  2316 | D:3      | Identified the +1 helmet "Turoimei" {rN+ MP+9}
  2464 | D:3      | Reached skill level 1 in Ranged Weapons
  2472 | D:3      | Reached XP level 5. HP: 24/47 MP: 4/4
  2884 | D:4      | Found a staircase to the Ecumenical Temple.
  2894 | Temple   | Entered the Ecumenical Temple
  3069 | Temple   | Became a worshipper of the Shining One
  3229 | D:4      | Noticed Edmund
  3242 | D:4      | Killed Edmund
  3243 | D:4      | Reached skill level 5 in Axes
  3243 | D:4      | Reached XP level 6. HP: 36/53 MP: 5/5
  3370 | D:4      | Found a radiant altar of Vehumet.
  3697 | D:4      | Reached skill level 5 in Fighting
  3697 | D:4      | Reached skill level 5 in Armour
  3712 | D:4      | Reached skill level 5 in Shields
  4105 | D:5      | Entered Level 5 of the Dungeon
  4171 | D:5      | Noticed Blork the orc
  4184 | D:5      | Mangled by an ogre

Illustrated notes

Levels and vault maps discovered:
D:1:      minmay_arrival_cross, layout_basic,
          hellmonk_ecumenical_altar_crossroads
D:2:      minmay_wonky_spiral, layout_loops_ring, minmay_crystal_room
D:3:      layout_rooms
D:4:      layout_loops_cross, nicolae_vehumet_radiance,
          minmay_temple_entry_large_hall, minivault_25, uniq_edmund
D:5:      layout_cave_pools, nicolae_ossuary_entry_false_entrances,
          uniq_blork_the_orc
Temple:   regret_index_temple_mists

Skill      XL: |  1  2  3  4  5  6 |
---------------+-------------------+-----
Axes           | 3 4 5 |  5.7
Fighting       | 4 5 |  5.1
Armour         | 4 5 |  5.1
Shields        | 4 5 |  5.0
Ranged Weapons | 1 2 |  2.5

Action                   |  1- 3 |  4- 6 || total
-------------------------+-------+-------++-------
Melee: War axe           |    85 |    84 ||   169
       Headbutt          |    11 |     9 ||    20
 Fire: Sling             |    18 |    73 ||    91
  Use: Scroll            |     9 |     1 ||    10
Armor: Scale mail        |    40 |    34 ||    74
Dodge: Dodged            |    32 |    48 ||    80
Block: Buckler           |    20 |    26 ||    46
